 Dungeon Crawl Stone Soup version 0.17.0-28-g6e173f8 (webtiles) character file.

9830 PossumBlood the Blocker (level 11, -3/83 (84) HPs)
             Began as a Human Fighter on Nov 27, 2015.
             Was a High Priest of Okawaru.
             Slain by a yak (10 damage)
             ... on level 10 of the Dungeon on Nov 28, 2015.
             The game lasted 00:36:48 (9645 turns).

PossumBlood the Blocker (Human Fighter)             Turns: 9645, Time: 00:36:51

HP:   -3/83 (84)    AC: 23    Str: 19    XL:     11   Next: 81%
MP:   11/11         EV:  5    Int:  9    God:    Okawaru [*****.]
Gold: 99            SH: 18    Dex: 13    Spells: 1 memorised, 8 levels left

rFire  + . .     SeeInvis .     c - +4 falchion
rCold  x . .     Clarity  +     f - +4 plate armour
rNeg   . . .     SustAt   .     j - +0 large shield
rPois  +         Gourm    .     (no helmet)
rElec  .         Spirit   .     e - +2 cloak {+Inv}
rCorr  .         Warding  .     x - +0 pair of gloves
rMut   .         Stasis   .     A - +0 pair of boots
MR     .....                    i - amulet of clarity
Stlth  ..........               r - ring of fire
                                h - ring of poison resistance

@: not resistant to hostile enchantments, extremely unstealthy
A: mutation resistance 1
a: Heroism, Finesse, Renounce Religion, Evoke Invisibility


You were on level 10 of the Dungeon.
You worshipped Okawaru.
Okawaru was extremely pleased with you.
You were not hungry.

You visited 2 branches of the dungeon, and saw 11 of its levels.

You collected 699 gold pieces.
You spent 600 gold pieces at shops.

Inventory:

Hand Weapons
 a - a +3 morningstar
 c - a +4 falchion (weapon)
 D - a cursed +1 great sword
 G - a +1 scimitar of flaming
 J - a +3 dire flail of freezing
Missiles
 n - 4 tomahawks (quivered)
Armour
 e - a +2 cloak of invisibility (worn)
 f - a +4 plate armour (worn)
 j - a +0 large shield (worn)
 x - a +0 pair of gloves (worn)
 A - a +0 pair of boots (worn)
Jewellery
 h - a ring of poison resistance (left hand)
 i - an amulet of clarity (around neck)
 r - a ring of fire (right hand)
 w - an uncursed ring of magical power
 E - an uncursed ring of stealth
 N - an uncursed amulet of stasis {unknown}
Wands
 d - a wand of frost (33)
 I - a wand of enslavement (12)
Scrolls
 y - a scroll of blinking
 O - a scroll of remove curse
Potions
 b - 2 potions of flight
 k - 2 potions of brilliance
 l - a potion of heal wounds
 m - 2 potions of poison {unknown}
 p - 4 potions of curing {unknown}
 s - a potion of haste {unknown}
 t - 2 potions of mutation {unknown}
 u - a potion of invisibility {unknown}
 v - a potion of cure mutation {unknown}
 z - a potion of resistance {unknown}
 B - a potion of degeneration {unknown}
 F - a potion of might
Books
 o - a book of Air

   Spells                             Type                      Level
   a - Shock                          Conjuration/Air              1
   b - Swiftness                      Charms/Air                   2
   c - Repel Missiles                 Charms/Air                   2
   d - Static Discharge               Conjuration/Air              3
   e - Lightning Bolt                 Conjuration/Air              5
 q - a book of Frost

   Spells                             Type                      Level
   a - Freeze                         Ice                          1
   b - Throw Frost                    Conjuration/Ice              2
   c - Ozocubu's Armour               Charms/Ice                   3
   d - Throw Icicle                   Conjuration/Ice              4
   e - Summon Ice Beast               Ice/Summoning                4
   f - Condensation Shield            Ice                          4
Miscellaneous
 P - a crystal ball of energy
Comestibles
 g - 2 bread rations
 C - 3 royal jellies
 H - a beef jerky
 K - 3 fruits
 L - 2 meat rations
 M - a slice of pizza


   Skills:
 + Level 7.3 Fighting
 + Level 8.3 Long Blades
 + Level 8.1 Armour
 + Level 3.5 Dodging
 - Level 0.9 Stealth
 + Level 11.9 Shields
 - Level 0.4 Invocations


You had 8 spell levels left.
You knew the following spells:

 Your Spells              Type           Power        Failure   Level  Hunger
a - Swiftness             Chrm/Air       #.......     100%        2    ###....


Dungeon Overview and Level Annotations

Branches:
Dungeon (10/15)            Temple (1/1) D:4            Lair (0/8) D:9
    Orc: D:9-12

Altars:
Ashenzari
Cheibriados
Dithmenos
Elyvilon
Fedhas
Gozag
Kikubaaqudgha
Makhleb
Nemelex Xobeh
Okawaru
Qazlal
Ru
Sif Muna
Trog
Vehumet
Xom
Yredelemnul
Zin
The Shining One
Jiyva

Shops:
D:8 (   D:9 *

Annotations:
D:9 Psyche


Innate Abilities, Weirdness & Mutations

You are somewhat resistant to further mutation.


Message History

* * * LOW HITPOINT WARNING * * *
You slash the yak!
The yak is heavily wounded.
You block the yak's attack. x2
The yak gores you but does no damage.
You hit the yak.
The yak is severely wounded.
The yak gores you.
* * * LOW HITPOINT WARNING * * *
The yak gores you.
* * * LOW HITPOINT WARNING * * *
You block the yak's attack.
You hit the yak.
The yak is severely wounded.
The yak gores you.
* * * LOW HITPOINT WARNING * * *
The yak gores you.
* * * LOW HITPOINT WARNING * * *
The yak gores you!
You die...

#.....# .. #.....##...
#..........
##########..........
#.......#...........
#.......#...........
#.......#......##...
#......Y#......##
#......@YY.........
#......Y#..........
##########.......#...........
#.......##.......##..........
#.......##.......##.....##...
#.......................# ..
#.......................#
#.......................#
#..................


You could see 4 yaks.

Vanquished Creatures
  Erica (D:8)
  Erolcha (D:9)
  A centaur warrior (D:9)
  The ghost of Enish the Grappler, a novice DrTm of Makhleb (D:6)
  A komodo dragon (D:9)
  A queen bee (D:8)
  Prince Ribbit (D:8)
  Eustachio (D:5)
  6 yaks
  A hungry ghost (D:7)
  A hippogriff (D:9)
  A mottled dragon (D:9)
  2 sky beasts (D:5)
  A wasp (D:9)
  2 necrophages
  3 ice beasts
  2 black bears
  3 phantoms
  4 centaurs
  29 killer bees
  5 scorpions
  5 crimson imps
  10 wights
  A giant frog zombie (D:5)
  3 orc wizards
  2 centaur skeletons (D:9)
  2 orc priests
  9 hounds
  7 jellies
  Crazy Yiuf (D:7)
  Ijyb (D:2)
  3 giant frog skeletons
  Jessica (D:2)
  6 iguanas
  9 worker ants
  A worker ant zombie (D:5)
  8 adders
  4 shadow imps
  3 oozes
  2 adder zombies (D:8)
  3 worms
  4 giant geckos
  16 orcs
  2 ball pythons
  7 bats
  5 giant cockroaches
  6 hobgoblins
  10 jackals
  6 kobolds
  2 giant gecko skeletons (D:5)
  9 giant newts
  7 goblins
  2 jackal skeletons (D:4)
  3 quokkas
  6 rats
  A fungus (D:2)
235 creatures vanquished.

Vanquished Creatures (others)
  An orc warrior (D:8)
  An iguana (D:8)
  A worker ant (D:8)
3 creatures vanquished.

Grand Total: 238 creatures vanquished

Notes
Turn   | Place    | Note
--------------------------------------------------------------
     0 | D:1      | PossumBlood the Human Fighter began the quest for the Orb.
     0 | D:1      | Reached XP level 1. HP: 18/18 MP: 1/1
   176 | D:1      | Reached XP level 2. HP: 21/24 MP: 2/2
   580 | D:1      | Reached XP level 3. HP: 27/29 MP: 3/3
   626 | D:2      | Noticed Jessica
   632 | D:2      | Killed Jessica
   649 | D:2      | Reached XP level 4. HP: 35/35 MP: 4/4
   909 | D:2      | Found a snail-covered altar of Cheibriados.
   917 | D:2      | Noticed Ijyb
   933 | D:2      | Killed Ijyb
   933 | D:2      | Reached XP level 5. HP: 41/41 MP: 5/5
  1317 | D:3      | Reached skill level 4 in Armour
  2188 | D:4      | Reached XP level 6. HP: 42/48 MP: 6/6
  2487 | D:4      | Reached skill level 1 in Dodging
  2524 | D:4      | Found a staircase to the Ecumenical Temple.
  2535 | Temple   | Entered the Ecumenical Temple
  2542 | Temple   | Became a worshipper of Warmaster Okawaru
  2624 | D:5      | Entered Level 5 of the Dungeon
  2732 | D:5      | Reached skill level 5 in Shields
  2732 | D:5      | Reached XP level 7. HP: 53/53 MP: 7/7
  2764 | D:5      | Found a white marble altar of Elyvilon.
  2769 | D:5      | Found a basalt altar of Yredelemnul.
  2770 | D:5      | Found an ancient bone altar of Kikubaaqudgha.
  3050 | D:5      | Noticed Eustachio
  3075 | D:5      | Killed Eustachio
  3087 | D:5      | Reached * piety under Okawaru
  3173 | D:5      | Reached XP level 8. HP: 54/60 MP: 8/8
  3256 | D:5      | Reached skill level 6 in Shields
  3393 | D:5      | Noticed a sky beast
  3413 | D:5      | Killed a sky beast
  3413 | D:5      | Reached skill level 5 in Armour
  3620 | D:5      | Noticed a sky beast
  3641 | D:5      | Killed a sky beast
  3858 | D:6      | Noticed Enish's ghost (novice DrTm)
  3886 | D:6      | Killed Enish's ghost
  3886 | D:6      | Reached ** piety under Okawaru
  3886 | D:6      | Reached skill level 5 in Fighting
  3886 | D:6      | Reached skill level 5 in Long Blades
  3886 | D:6      | Reached skill level 7 in Shields
  3886 | D:6      | Reached XP level 9. HP: 14/68 MP: 7/9
  4259 | D:6      | Reached *** piety under Okawaru
  4680 | D:7      | Found a viscous altar of Jiyva.
  4704 | D:7      | Reached skill level 8 in Shields
  4755 | D:7      | Found a sparkling altar of Nemelex Xobeh.
  4779 | D:7      | Noticed Crazy Yiuf
  4790 | D:7      | Killed Crazy Yiuf
  4976 | D:7      | Learned a level 2 spell: Swiftness
  5139 | D:7      | Reached XP level 10. HP: 52/76 MP: 10/10
  5510 | D:8      | Noticed Prince Ribbit
  5556 | D:8      | Reached skill level 9 in Shields
  5648 | D:8      | Reached **** piety under Okawaru
  5902 | D:8      | Killed Prince Ribbit
  5923 | D:8      | Reached skill level 10 in Shields
  6108 | D:8      | Found a shimmering altar of Xom.
  6258 | D:8      | Found Owauv's Antique Weapon Boutique.
  6593 | D:8      | Noticed Erica
  6647 | D:8      | Killed Erica
  6647 | D:8      | Reached ***** piety under Okawaru
  7171 | D:9      | Reached XP level 11. HP: 57/83 MP: 11/11
  7719 | D:9      | Reached skill level 11 in Shields
  8140 | D:9      | Found Turuf's General Store.
  8148 | D:9      | Bought a bread ration for 60 gold pieces
  8148 | D:9      | Bought a meat ration for 60 gold pieces
  8148 | D:9      | Bought a meat ration for 60 gold pieces
  8148 | D:9      | Bought a potion of beneficial mutation for 420 gold pieces
  8148 | D:9      | Gained mutation: You are somewhat resistant to further mutation. [potion of beneficial mutation]
  8175 | D:9      | Found a blossoming altar of Fedhas.
  8333 | D:9      | Noticed Psyche
  8852 | D:9      | Found a staircase to the Lair.
  8972 | D:9      | Noticed a centaur warrior
  8991 | D:9      | Killed a centaur warrior
  9023 | D:9      | Noticed Erolcha
  9050 | D:9      | Killed Erolcha
  9466 | D:10     | Entered Level 10 of the Dungeon
  9645 | D:10     | Slain by a yak

Action                   |  1- 3 |  4- 6 |  7- 9 | 10-12 || total
-------------------------+-------+-------+-------+-------++-------
Melee: Long sword        |    90 |   248 |       |       ||   338
       Falchion          |       |    31 |   415 |   853 ||  1299
Invok: Heroism           |       |       |     4 |     7 ||    11
       Finesse           |       |       |       |     1 ||     1
  Use: Scroll            |       |     8 |     7 |     3 ||    18
       Potion            |       |       |     1 |     4 ||     5
  Eat: Meat ration       |       |     1 |       |     1 ||     2
       Pizza             |       |     1 |       |       ||     1
       Bread ration      |       |       |     3 |       ||     3
       Royal jelly       |       |       |       |     5 ||     5
